 Dungeon Crawl Stone Soup version 0.22-a0-159-g7ce444f (webtiles) character file.

102 KristoblXynda the Slasher (level 4, 0/36 HPs)
             Began as a Draconian Gladiator on Feb 9, 2018.
             Was a Follower of Cheibriados.
             Slain by a gnoll
             ... wielding a +0 spear
              (9 damage)
             ... on level 3 of the Dungeon.
             The game lasted 00:02:55 (1264 turns).

KristoblXynda the Slasher (Draconian Gladiator)     Turns: 1264, Time: 00:02:56

Health: 0/36       AC:  5    Str: 17 (19) XL:     4   Next: 49%
Magic:  4/4        EV: 13    Int: 10 (13) God:    Cheibriados [*.....]
Gold:   148        SH:  0    Dex: 13 (15) Spells: 3/3 levels left

rFire    . . .     SeeInvis .   a - +0 long sword
rCold    . . .     Gourm    .   (no shield)
rNeg     . . .     Faith    .   (armour unavailable)
rPois    .         Spirit   .   b - +0 hat
rElec    .         Reflect  .   (no cloak)
rCorr    .         Harm     .   (no gloves)
MR       .....                  (no boots)
Stlth    +.........             (no amulet)
HPRegen  0.12/turn              (no ring)
MPRegen  0.09/turn              (no ring)

@: flying, very slow
A: unfitting armour, cold-blooded, AC +5
a: Bend Time, Renounce Religion


You were on level 3 of the Dungeon.
You worshipped Cheibriados.
Cheibriados was aware of your devotion.
You were not hungry.

You visited 1 branch of the dungeon, and saw 3 of its levels.

You collected 148 gold pieces.

Inventory:

Hand Weapons
 a - a +0 long sword (weapon)
Missiles
 c - 3 throwing nets (quivered)
Armour
 b - a +0 hat (worn)
 k - a +0 buckler
Scrolls
 e - 3 scrolls of remove curse {unknown}
 f - 2 scrolls of identify {unknown}
 g - 4 scrolls of teleportation {unknown}
 j - a scroll of magic mapping {unknown}
 l - a scroll of fog {unknown}
Potions
 h - a potion of mutation {unknown}
 i - a potion of curing {unknown}
 m - a potion of flight
 n - a potion of might {unknown}
Comestibles
 d - 8 rations


   Skills:
 - Level 2.1 Fighting
 + Level 3.9 Long Blades
 + Level 2.9 Throwing
 + Level 3.5 Dodging


You had 3 spell levels left.
You didn't know any spells.

Dungeon Overview and Level Annotations

Branches:
Dungeon (3/15)

Altars:
Cheibriados


Innate Abilities, Weirdness & Mutations

Your plain brown scales are hard. (AC +5)
You cannot fit into any form of body armour.
You are cold-blooded and may be slowed by cold attacks.


Message History

The gnoll closely misses you. The gnoll hits you with a spear.
The gnoll closely misses you.
You closely miss the gnoll.
The gnoll is almost dead.
The gnoll hits you with a club.
* * * LOW HITPOINT WARNING * * *
The gnoll closely misses you.
You riposte.
You hit the gnoll.
You kill the gnoll!
Cheibriados appreciates the change of pace.
The gnoll hits you but does no damage. The gnoll barely misses you.
You riposte.
You hit the gnoll but do no damage.
It was a potion of flight.
You feel very buoyant.
You fly up into the air.
The gnoll barely misses you. The gnoll completely misses you.
It was a potion of degeneration.
There was something very wrong with that liquid.
You feel weakened.
You feel dopey.
You feel clumsy.
The gnoll hits you from afar with a spear!
You die...

...# .. ...#####. ##.
......... ..###......#
..........# ## ..#..g...#
#.##.#.)....# ##.
#..#.#@g....## ..
#!..........##.#
#(..........#..
##$.........#.#
..###..####.####.########
........(......#.........<
..#####.##................
#........###........
#####....# #########


You could see 2 gnolls.

Vanquished Creatures
  A hound skeleton (D:2)
  A gnoll (D:3)
  3 adders (D:2)
  3 dart slugs
  A giant cockroach (D:1)
  5 goblins (D:2)
  6 hobgoblins
  3 jackals (D:2)
  A quokka (D:2)
  4 ball pythons
  5 bats
  6 frilled lizards (D:2)
  6 kobolds
  5 rats
50 creatures vanquished.

Notes
Turn   | Place    | Note
-------+----------+-------------------------------------------
     0 | D:1      | KristoblXynda the Draconian Gladiator began the quest for the Orb.
     0 | D:1      | Reached XP level 1. HP: 17/17 MP: 1/1
   112 | D:1      | Reached XP level 2. HP: 20/24 MP: 2/2
   205 | D:1      | Found a snail-covered altar of Cheibriados.
   225 | D:1      | Became a worshipper of Cheibriados the Contemplative
   713 | D:2      | Reached XP level 3. HP: 22/29 MP: 3/3
   755 | D:2      | Reached XP level 4. HP: 22/36 MP: 4/4
   916 | D:2      | Reached * piety under Cheibriados
  1264 | D:3      | Slain by a gnoll

Vault maps used:
D:1:      mrwooster_arrival_arrow, cheibriados_altar_1
D:2:      minmay_randomly_rotated_circles
D:3:      gammafunk_steamed_eel, nicolae_overflow_crystal_walls, first_ration,
          interstate_on_off

Skill      XL: |  1  2 |
---------------+-------+-----
Throwing       | 2 |  2.9
Dodging        | 3 |  3.5
Fighting       | |  2.1
Long Blades    | |  3.9

Action                   |  1- 3 |  4- 6 || total
-------------------------+-------+-------++-------
Melee: Long sword        |    70 |    40 ||   110
       Tailslap          |     8 |     8 ||    16
  Use: Potion            |       |     2 ||     2
  Eat: Chunk             |       |     1 ||     1
Armor: Skin              |    29 |    25 ||    54
Dodge: Dodged            |    74 |    49 ||   123
       Rpst.: Long sword |    25 |    18 ||    43

Table legend:
 A = Spawn XP
 B = Non-spawn XP
 C = Spawn XP percentage of total XP
 D = Spawn monster count
 E = Non-spawn monster count
 F = Spawn count percentage of total count
 G = Total turns spent on level
                    A         B        C        D         E        F      G
               +---------+---------+-------+---------+---------+-------+---------
         Total |       0 |     146 |   0.0 |       0 |      50 |   0.0 |  1264
               +---------+---------+-------+---------+---------+-------+---------
           D:1 |       0 |      31 |   0.0 |       0 |      18 |   0.0 |   704
           D:2 |       0 |     101 |   0.0 |       0 |      31 |   0.0 |   530
           D:3 |       0 |      14 |   0.0 |       0 |       1 |   0.0 |    30
               +---------+---------+-------+---------+---------+-------+---------
